 Dungeon Crawl Stone Soup version 0.22-a0-433-gd2a9cce0b5 (webtiles) character file.

70 Ordine the Insei (level 4, -2/23 HPs)
             Began as a Vine Stalker Monk on May 28, 2018.
             Slain by a gnoll
             ... wielding a +0 halberd
              (13 damage)
             ... on level 2 of the Dungeon.
             The game lasted 00:03:09 (1028 turns).

Ordine the Insei (Vine Stalker Monk)                Turns: 1028, Time: 00:03:10

Health: -2/23      AC:  2    Str: 13    XL:     4   Next: 22%
Magic:  0/5        EV: 13    Int: 11    God:
Gold:   46         SH:  0    Dex: 17    Spells: 3/3 levels left

rFire    . . .     SeeInvis .     - Unarmed
rCold    . . .     Gourm    .   (no shield)
rNeg     . . .     Faith    .   i - +0 robe {MR+}
rPois    .         Spirit   +   (no helmet)
rElec    .         Reflect  .   (no cloak)
rCorr    .         Harm     .   (no gloves)
MR       +....                  (no boots)
Stlth    ++........             (no amulet)
HPRegen  0.47/turn              (no ring)
MPRegen  0.09/turn              (no ring)

@: no status effects
A: fangs 2, regeneration 1, magic shield, antimagic bite, no potion heal 3, rot
immunity
a: no special abilities


You were on level 2 of the Dungeon.
You were hungry.

You visited 1 branch of the dungeon, and saw 2 of its levels.

You collected 46 gold pieces.

Inventory:

Armour
 f - a +0 leather armour of poison resistance (quivered)
 i - a +0 robe of magic resistance (worn)
Scrolls
 a - a scroll of remove curse {unknown}
 e - a scroll of amnesia
Potions
 c - a potion of curing {unknown}
 d - a potion of might {unknown}
 g - a potion of mutation {unknown}
 j - a potion of ambrosia {unknown}
Comestibles
 b - 6 rations
 k - 6 chunks of flesh


   Skills:
 - Level 2.6 Fighting
 - Level 2.4 Dodging
 - Level 2.4 Stealth
 + Level 4.9 Unarmed Combat


You had 3 spell levels left.
You didn't know any spells.
Your spell library was empty.

Dungeon Overview and Level Annotations

Branches:
Dungeon (2/15)

Altars:


Innate Abilities, Weirdness & Mutations

You have extremely sharp teeth.
Your natural rate of healing is unusually fast.
When hurt, damage is shared between your health and your magic reserves.
Your bite disrupts and absorbs the magic of your enemies.
Potions cannot restore your health.
You are immune to rotting.


Message History

You begin to heal more quickly.
You closely miss the kobold.
You kill the kobold!
You barely miss the gnoll. You bite the gnoll. You drain its power.
You feel invigorated.
The gnoll is lightly wounded.
The gnoll barely misses you.
The gnoll hits you from afar with a halberd.
You hit the gnoll.
The gnoll is moderately wounded.
The gnoll hits you with a flail.
You punch the gnoll! You bite the gnoll, but do no damage.
The gnoll is almost dead.
You punch the gnoll!
You kill the gnoll!
You hit the rat.
You kill the rat!
The gnoll hits you from afar with a halberd!
Ouch! That really hurt!
You die...

###.#.####### #.####
.............>##.##.#
###..............##.# #
###.##########.##.# #
#.##............# #
#.##.#######.##.# #.##.#
####.## #.##.# #.....#
#.###.##.## #@##..##
..........# #)##...##
....#.##.#######g##....###
......##.# #....l........#
..#.####.# #.............#
..#. #.# #.###.##......# .
# #.###.###)##......#
..................#
............#...##


You could see a gnoll and a frilled lizard.

Vanquished Creatures
  2 gnolls (D:2)
  An adder skeleton (D:2)
  An adder zombie (D:2)
  A dart slug (D:1)
  A leopard gecko (D:1)
  7 bats
  3 giant cockroaches (D:1)
  5 goblins
  2 hobgoblins (D:1)
  4 jackals (D:2)
  6 kobolds
  3 frilled lizards (D:1)
  7 rats
43 creatures vanquished.

Notes
Turn   | Place    | Note
-------+----------+-------------------------------------------
     0 | D:1      | Ordine the Vine Stalker Monk began the quest for the Orb.
     0 | D:1      | Reached XP level 1. HP: 11/11 MP: 2/2
    70 | D:1      | Reached XP level 2. HP: 7/16 MP: 1/3
   474 | D:1      | Reached skill level 4 in Unarmed Combat
   575 | D:1      | Reached XP level 3. HP: 19/19 MP: 4/4
  1017 | D:2      | Gained mutation: Your natural rate of healing is unusually fast. [Vine Stalker growth]
  1017 | D:2      | Reached XP level 4. HP: 11/23 MP: 2/5
  1028 | D:2      | Slain by a gnoll

Vault maps used:
D:1:      saegor_arrival_simple_e, hex_intersection, minmay_distorted
D:2:      serial_undead, serial_undead_b, serial_undead_c, serial_undead_a,
          serial_undead_f, first_ration

Skill      XL: |  1  2 |
---------------+-------+-----
Unarmed Combat | 4 |  4.9
Fighting       | |  2.6
Dodging        | |  2.4
Stealth        | |  2.4

Action                   |  1- 3 |  4- 6 || total
-------------------------+-------+-------++-------
Melee: Unarmed           |   127 |     6 ||   133
       Bite              |    35 |     2 ||    37
       Punch             |       |     1 ||     1
  Use: Scroll            |     4 |       ||     4
 Stab: Sleeping          |     1 |       ||     1
       Distracted        |     1 |       ||     1
Armor: Robe              |    18 |       ||    18
       Leather armour    |    18 |       ||    18
Dodge: Dodged            |   108 |     1 ||   109

Table legend:
 A = Spawn XP
 B = Non-spawn XP
 C = Spawn XP percentage of total XP
 D = Spawn monster count
 E = Non-spawn monster count
 F = Spawn count percentage of total count
 G = Total turns spent on level
                    A         B        C        D         E        F      G
               +---------+---------+-------+---------+---------+-------+---------
         Total |       0 |     101 |   0.0 |       0 |      43 |   0.0 |  1028
               +---------+---------+-------+---------+---------+-------+---------
           D:1 |       0 |      49 |   0.0 |       0 |      30 |   0.0 |   825
           D:2 |       0 |      52 |   0.0 |       0 |      13 |   0.0 |   203
               +---------+---------+-------+---------+---------+-------+---------
